 Dungeon Crawl Stone Soup version 0.29-a0-43-g62a80824bf (webtiles) character file.

Game seed: 5164571663265719158

2446 robertstho the Skirmisher (level 9, -3/89 HPs)
             Began as a Troll Delver on Feb 2, 2022.
             Was a Follower of Qazlal.
             Slain by a neqoxec (9 damage)
             ... summoned by a kobold demonologist
             ... on level 7 of the Dungeon.
             The game lasted 00:07:35 (5306 turns).

robertstho the Skirmisher (Troll Delver)            Turns: 5306, Time: 00:07:35

Health: -3/89      AC: -2    Str: 26      XL:     9   Next: 25%
Magic:  3/3        EV:  9    Int:  4      God:    Qazlal [*.....]
Gold:   358        SH:  2    Dex:  8 (9)  Spells: 8/8 levels left

rFire   + + .      SeeInvis .   c - +9 falchion of Weucurra {antimagic, Will++}
rCold   x . .      Faith    .   (no shield)
rNeg    . . .      Spirit   .   e - +0 swamp dragon scales
rPois   +          Reflect  .   (helmet restricted)
rElec   .          Harm     .   (no cloak)
rCorr   .          Rampage  .   (gloves unavailable)
Will    ++...      Clarity  +   (boots unavailable)
Stlth   +.........              (no amulet)
HPRegen 1.04/turn               o - ring of fire
MPRegen 0.08/turn               n - ring of protection from fire

@: corroded
A: large, unfitting armour, claws 3, regeneration 1, shaggy fur 1, tough skin 1,
clarity, clumsy 1, dopey 1
a: Renounce Religion


You were on level 7 of the Dungeon.
You worshipped Qazlal.
Qazlal was aware of your devotion.
You visited 1 branch of the dungeon, and saw 7 of its levels.

You collected 358 gold pieces.

Inventory:

Hand Weapons
 a - a +2 long sword of holy wrath
 c - the +9 falchion of Weucurra (weapon) {antimagic, Will++}
   (You found it on level 3 of the Dungeon)

   It reduces the magical energy of the wielder, and disrupts the spells and
   magical abilities of those it strikes.
   Natural abilities and divine invocations are not affected.
   Will:      It greatly increases your willpower.
 q - a +3 hand axe of flaming
Armour
 e - +0 swamp dragon scales (worn)
Jewellery
 n - a ring of protection from fire (right claw)
 o - a ring of fire (left claw)
Wands
 f - a wand of digging (3)
 h - a wand of iceblast (6)
Scrolls
 b - 3 scrolls of fog
 d - a scroll of fear
 k - 2 scrolls of enchant weapon
 r - a scroll of blinking
 s - a scroll of silence
Potions
 g - 2 potions of lignification {unknown}
 i - 2 potions of degeneration {unknown}
 j - a potion of resistance {unknown}
 l - a potion of flight {unknown}
 m - 2 potions of magic
 p - 2 potions of haste


   Skills:
 * Level 5.6 Fighting
 + Level 5.3 Long Blades
 + Level 3.5 Dodging
 - Level 2.7 Stealth
 + Level 0.1 Shields
 + Level 4.3 Unarmed Combat
 * Level 3.9 Invocations
 * Level 3.3 Evocations


You had 8 spell levels left.
You didn't know any spells.
Your spell library contained the following spells:

 Spells                   Type           Power      Damage    Failure   Level
 Corpse Rot               Necr/Air       0%         N/A       78%         2
 Poisonous Vapours        Pois/Air       0%         N/A       78%         2
 Summon Lightning Spire   Summ/Air       0%         N/A       100%        4
 Alistair's Intoxication  Tmut/Pois      0%         N/A       100%        5
 Borgnjor's Vile Clutch   Necr/Erth      0%         N/A       100%        5
 Freezing Cloud           Conj/Ice/Air   0%         6-21      100%        5
 Eringya's Noxious Bog    Tmut/Pois      0%         N/A       100%        6
 Simulacrum               Ice/Necr       0%         N/A       100%        6
 Storm Form               Tmut/Air       0%         N/A       100%        7
 Maxwell's Capacitive Co  Air            0%         ∞         100%        8
 Polar Vortex             Ice            0%         N/A       100%        9


Dungeon Overview and Level Annotations

Branches:
Dungeon (7/15)             Temple (0/1) D:5

Altars:
Cheibriados
Fedhas
Okawaru
Qazlal
Wu Jian

Annotations:
D:3 3 runed translucent doors, Syelyexplosive's ghost, weakling MfGl; bande's ghost, amateur GrFi; enile's ghost, amateur FoWn; testman's ghost, amateur PaFi


Innate Abilities, Weirdness & Mutations

You are too large for most types of armour.
You have claws for hands.
Your natural rate of healing is unusually fast.
You are covered in fur. (AC +1)
You have tough skin. (AC +1)
You possess an exceptional clarity of mind.
You are clumsy. (Dex -2)
You are dopey. (Int -2)


Message History

The rust devil hits you! The rust devil corrodes you!
The kobold closely misses you. The neqoxec barely misses you.
Unknown command.
You hit the kobold demonologist but do no damage.
The kobold demonologist is heavily wounded.
The kobold demonologist hits you with a +0 dagger.
The rust devil hits you. The rust devil corrodes you!
The kobold barely misses you. The neqoxec hits you!
Unknown command.
You slash the kobold demonologist!
The kobold demonologist's magic leaks into the air.
The kobold demonologist is almost dead.
The ufetubus closely misses you. The ufetubus hits you.
The kobold hits you with a +0 short sword.
You block the rust devil's attack. The neqoxec hits you!
Unknown command.
You hit the kobold demonologist but do no damage.
The ufetubus hits you.
The ufetubus hits you but does no damage.
The kobold demonologist falters for a moment.
The kobold hits you with a +0 short sword.
The rust devil hits you! The rust devil corrodes you!
The neqoxec gestures at you.
Strange energies course through your body.
You feel stupid.
You feel better.
The kobold demonologist barely misses you.
The kobold demonologist hits you with a +0 dagger.
The kobold hits you with a +0 short sword.
The iron imp hits you!
* * * LOW HITPOINT WARNING * * *
The rust devil hits you!
* * * LOW HITPOINT WARNING * * *
The rust devil corrodes you! The quasit bites you.
* * * LOW HITPOINT WARNING * * *
You feel clumsy. You block the quasit's attack. The quasit claws you.
* * * LOW HITPOINT WARNING * * *
The neqoxec hits you!
You die...

.... ##### ..... ....##
..... .....# .....##....#
....[......# .....K5K...#
##..5KK4K# ..
#...53@5.#....
#....K55....!. .
##.....#......
...#.....####...
#........#.## #. ....
..##.......# ... ...
#.........## ...... ...
#...........##...........
.............#..........#.


You could see a rust devil (summoned), 2 kobold demonologists, a neqoxec
(summoned), 3 iron imps, 2 quasits, an ufetubus (summoned) and 4 kobolds.

Vanquished Creatures
  Maggie (D:6)
  A steam dragon (D:7)
  3 black bears
  2 ice beasts
  2 sky beasts
  2 centaurs
  An ogre (D:5)
  2 phantoms (D:5)
  A kobold brigand (D:6)
  2 scorpions
  A water moccasin zombie (D:5)
  A wyvern skeleton (D:7)
  A water moccasin skeleton (D:5)
  An electric eel (D:6)
  2 howler monkeys (D:6)
  A bullfrog zombie (D:5)
  A hound (D:5)
  A centaur zombie (D:7)
  A jelly (D:6)
  A bullfrog skeleton (D:5)
  A gnoll shaman (D:5)
  2 centaur skeletons
  An iguana (D:4)
  An orc wizard (D:5)
  A killer bee zombie (D:6)
  A hound skeleton (D:5)
  7 gnolls
  2 howler monkey skeletons
  5 adders
  An ufetubus (D:6)
  An adder skeleton (D:2)
  2 dart slugs
  8 orcs
  10 ball pythons
  10 endoplasms
  4 giant cockroaches
  6 goblins
  4 hobgoblins
  7 jackals
  3 quokkas
  6 bats
  2 frilled lizards (D:2)
  8 kobolds
  A quokka skeleton (D:4)
  4 rats
126 creatures vanquished.

Vanquished Creatures (others)
  2 withered plants (D:3)
2 creatures vanquished.

Grand Total: 128 creatures vanquished

Notes
Turn   | Place    | Note
-------+----------+-------------------------------------------
     0 | D:5      | robertstho the Troll Delver began the quest for the Orb.
     0 | D:5      | Reached XP level 1. HP: 22/22 MP: 0/0
    26 | D:4      | Noticed an ogre
    87 | D:3      | Noticed an ogre
   165 | D:2      | Reached XP level 2. HP: 29/29 MP: 1/1
   312 | D:2      | Reached skill level 1 in Evocations
   433 | D:2      | Found a faded altar of an unknown god.
   467 | D:1      | Reached XP level 3. HP: 36/36 MP: 2/2
  1451 | D:2      | Reached XP level 4. HP: 45/45 MP: 3/3
  1588 | D:2      | You fall into a shaft and drop 2 floors!
  1588 | D:4      | Noticed a centaur
  1631 | D:3      | Identified the +9 falchion of Weucurra {antimagic, Will++}
  2189 | D:3      | Found a runed translucent gate.
  2189 | D:3      | Found a runed translucent gate.
  2189 | D:3      | Found a runed translucent gate.
  2190 | D:3      | Noticed enile's ghost (amateur FoWn)
  2191 | D:3      | Noticed testman's ghost (amateur PaFi)
  2191 | D:3      | Noticed Syelyexplosive's ghost (weakling MfGl)
  2191 | D:3      | Noticed bande's ghost (amateur GrFi)
  2270 | D:3      | Found a blossoming altar of Fedhas.
  2271 | D:3      | Found an ornate altar of the Wu Jian Council.
  2272 | D:3      | Found an iron altar of Okawaru.
  2272 | D:3      | Found a stormy altar of Qazlal.
  2401 | D:3      | Became a worshipper of Qazlal Stormbringer
  2443 | D:4      | Killed a centaur
  2444 | D:4      | Reached XP level 5. HP: 27/53 MP: 1/4
  2483 | D:4      | Noticed a black bear
  2491 | D:4      | Killed a black bear
  2492 | D:4      | Reached skill level 1 in Invocations
  2492 | D:4      | Reached XP level 6. HP: 49/61 MP: 1/5
  2622 | D:4      | Found a snail-covered altar of Cheibriados.
  2825 | D:4      | Noticed a sky beast
  2831 | D:4      | Killed a sky beast
  2832 | D:4      | Reached skill level 1 in Long Blades
  3005 | D:5      | Reached XP level 7. HP: 39/68 MP: 2/7
  3546 | D:5      | Reached XP level 8. HP: 76/79 MP: 2/8
  3692 | D:5      | Found a staircase to the Ecumenical Temple.
  3800 | D:5      | Reached * piety under Qazlal
  4445 | D:6      | Reached skill level 5 in Fighting
  5011 | D:6      | Noticed Maggie
  5035 | D:6      | Killed Maggie
  5036 | D:6      | Reached XP level 9. HP: 63/88 MP: 3/10
  5209 | D:7      | Reached skill level 5 in Long Blades
  5292 | D:7      | Noticed a kobold demonologist
  5293 | D:7      | Noticed a kobold demonologist
  5296 | D:7      | Noticed a rust devil
  5297 | D:7      | Gained mutation: You are clumsy. (Dex -2) [a neqoxec]
  5298 | D:7      | Gained mutation: You possess an exceptional clarity of
                  | mind. [a neqoxec]
  5305 | D:7      | Gained mutation: You are dopey. (Int -2) [a neqoxec]
  5306 | D:7      | Slain by a neqoxec

Illustrated notes

Levels and vault maps discovered:
D:1:      lemuel_arrival_funnel, layout_loops_corners,
          hangedman_abyss_or_decor_lesser_grid, minmay_misc_feat_ornament
D:2:      kb_forest_paths, layout_basic, ebering_ecumenical_altar_hall
D:3:      layout_rooms, mainiacjoe_overflow_alcove_3, gammafunk_ghost_cemetery
D:4:      layout_loops_ring, nicolae_yredelemnul_corpse_copse,
          mainiacjoe_overflow_catwalk, kennysheep_generic_room_9
D:5:      layout_loops_corners, minmay_temple_entry_offerings
D:6:      layout_basic, amcnicky_mini_rare_corridor_liquid, minivault_4,
          kennysheep_generic_room_3, uniq_maggie
D:7:      layout_cave_pools, mainiacjoe_overflow_catch_the_wave,
          nrook_mini_vaults

Skill      XL: |  1  2  3  4  5  6  7  8  9 |
---------------+----------------------------+-----
Evocations     | 1 2 3 |  3.3
Fighting       | 3 4 5 |  5.6
Unarmed Combat | 3 4 |  4.3
Dodging        | 2 3 |  3.5
Invocations    | 1 2 3 |  3.9
Long Blades    | 1 3 4 5 |  5.3
Stealth        | |  2.7
Shields        | |  0.1

Action                   |  1- 3 |  4- 6 |  7- 9 || total
-------------------------+-------+-------+-------++-------
Melee: Unarmed           |    93 |    18 |       ||   111
       Punch             |     1 |       |     6 ||     7
       Falchion          |       |    68 |   183 ||   251
  Use: Scroll            |     3 |     5 |     4 ||    12
       Potion            |       |     1 |     3 ||     4
 Stab: Sleeping          |     6 |     3 |     2 ||    11
Armor: Robe              |    22 |    30 |    33 ||    85
       Swamp dragon scal |       |       |    29 ||    29
Dodge: Dodged            |    51 |    59 |    85 ||   195
Block: Other             |       |       |     7 ||     7

Table legend: (Time is in decaauts)
 A = Elapsed time spent in this place.
 B = Non-inter-level travel time spent in this place.
 C = Inter-level travel time spent in this place.
 D = Time resting spent in this place.
 E = Time spent auto-exploring this place.
 F = Levels seen in this place.
 G = Mean time per level.
                   A        B        C        D        E       F      G
               +--------+--------+--------+--------+--------+-----+--------+
         Total |   5327 |   5140 |    187 |     58 |   4106 |   7 |  761.0 |
       Dungeon |   5327 |   5140 |    187 |     58 |   4106 |   7 |  761.0 |
               +--------+--------+--------+--------+--------+-----+--------+

Top non-repeatable levels by time:
     D:5: 1184 daAuts
     D:6: 1007 daAuts
     D:2: 913 daAuts
     D:1: 899 daAuts
     D:3: 565 daAuts
     D:4: 530 daAuts
     D:7: 227 daAuts
